 Dungeon Crawl Stone Soup version 0.22-a0-525-gf69a080 (webtiles) character file.

23 iamserjio the Insei (level 2, 0/15 HPs)
             Began as a Vine Stalker Skald on June 21, 2018.
             Slain by an orc
             ... wielding a +2 hand axe of chopping
              (1 damage)
             ... on level 2 of the Dungeon.
             The game lasted 00:02:28 (393 turns).

iamserjio the Insei (Vine Stalker Skald)             Turns: 393, Time: 00:02:29

Health: 0/15       AC:  5    Str: 13    XL:     2   Next: 95%
Magic:  0/6        EV: 16    Int: 13    God:
Gold:   69         SH:  0    Dex: 18    Spells: 4/5 levels left

rFire    . . .     SeeInvis .     - Unarmed
rCold    . . .     Gourm    .   (no shield)
rNeg     . . .     Faith    .   d - +0 ring mail
rPois    .         Spirit   +   (no helmet)
rElec    .         Reflect  .   (no cloak)
rCorr    .         Harm     .   (no gloves)
MR       .....                  (no boots)
Stlth    ++........             (no amulet)
HPRegen  0.05/turn              (no ring)
MPRegen  0.10/turn              (no ring)

@: agile, very slightly contaminated
A: fangs 2, magic shield, antimagic bite, no potion heal 3, rot immunity
a: no special abilities


You were on level 2 of the Dungeon.
You were not hungry.

You visited 1 branch of the dungeon, and saw 3 of its levels.

You collected 69 gold pieces.

Inventory:

Armour
 a - a +0 leather armour
 d - a +0 ring mail (worn)
Scrolls
 f - 2 scrolls of teleportation {unknown}
 g - a scroll of magic mapping {unknown}
Potions
 b - a potion of heal wounds
Comestibles
 c - 3 rations


   Skills:
 - Level 2.0 Fighting
 - Level 0.7 Armour
 - Level 1.5 Dodging
 * Level 3.1 Unarmed Combat
 - Level 2.1 Spellcasting
 - Level 3.0 Charms


You had 4 spell levels left.
You knew the following spells:

 Your Spells              Type           Power        Failure   Level  Hunger
a - Infusion              Chrm           #...         16%         1    ##.....

Your spell library contained the following spells:

 Spells                   Type           Power        Failure   Level  Hunger
 Regeneration             Chrm/Necr      #.........   65%         3    ####...
 Shroud of Golubria       Chrm/Tloc      #.........   41%         2    ###....
 Song of Slaying          Chrm           #.......     24%         2    ###....
 Spectral Weapon          Hex/Chrm       #.......     65%         3    ####...


Dungeon Overview and Level Annotations

Branches:
Dungeon (3/15)

Altars:
Nemelex Xobeh


Innate Abilities, Weirdness & Mutations

You have extremely sharp teeth.
When hurt, damage is shared between your health and your magic reserves.
Your bite disrupts and absorbs the magic of your enemies.
Potions cannot restore your health.
You are immune to rotting.


Message History

The orc hits you with a hand axe of chopping.
* * * LOW HITPOINT WARNING * * *
You closely miss the orc. You bite the orc. You drain its power.
You feel invigorated.
The orc is heavily wounded.
The bat closely misses you. The orc hits you.
The orc hits you with a hand axe of chopping.
* * * LOW HITPOINT WARNING * * *
It was a potion of heal wounds.
That seemed strangely inert.
The bat closely misses you. The orc barely misses you.
The bat hits you but does no damage.
The orc hits you with a hand axe of chopping.
It was a potion of agility.
You feel agile all of a sudden. The bat hits you but does no damage.
The orc closely misses you. x2
You hit the orc. You bite the orc, but do no damage.
The orc is almost dead.
The bat barely misses you. The orc barely misses you.
The orc hits you with a hand axe of chopping.
You die...

#....... ##.#....
#.#.... #.#.... #####
#....>. #... ##.....
##S.# #.#####......
##### #............
###@##########......
#8.oo8##............
##..b..##########...#
#8.....8# #..##
##.....## #....
#8...8# ...###..##
#.....# #........
#8.....8# #####.###
##.....## #.#


You could see 2 orcs, a bat and a ball python.

Vanquished Creatures
  A dart slug (D:2)
  3 orcs (D:2)
  A bat (D:1)
  2 giant cockroaches (D:1)
  2 goblins
  A hobgoblin (D:2)
  2 frilled lizards
  2 kobolds (D:1)
  3 rats
17 creatures vanquished.

Notes
Turn   | Place    | Note
-------+----------+-------------------------------------------
     0 | D:1      | iamserjio the Vine Stalker Skald began the quest for the Orb.
     0 | D:1      | Reached XP level 1. HP: 11/11 MP: 4/4
   140 | D:1      | Reached XP level 2. HP: 13/15 MP: 6/6
   369 | D:2      | Found a sparkling altar of Nemelex Xobeh.
   393 | D:2      | Slain by an orc

Vault maps used:
D:1:      tarquinn_simple_flora_water_a
D:2:      nicolae_overflow_hidden_temple, serial_glass, glass_columns_a,
          glass_columns_c, nemelex_xobeh_ov_fountains_minmay
D:3:      grunt_temple_overflow_open, st_stairs_11

Skill      XL: |  1  2 |
---------------+-------+-----
Fighting       | 2 |  2.0
Unarmed Combat | 3 |  3.1
Armour         | |  0.7
Dodging        | |  1.5
Spellcasting   | |  2.1
Charms         | |  3.0

Action                   || total
-------------------------++-------
Melee: Unarmed           ||    57
       Bite              ||    16
  Use: Potion            ||     2
Armor: Leather armour    ||     9
       Ring mail         ||    19
Dodge: Dodged            ||    56

Table legend:
 A = Spawn XP
 B = Non-spawn XP
 C = Spawn XP percentage of total XP
 D = Spawn monster count
 E = Non-spawn monster count
 F = Spawn count percentage of total count
 G = Total turns spent on level
                    A         B        C        D         E        F      G
               +---------+---------+-------+---------+---------+-------+---------
         Total |       0 |      33 |   0.0 |       0 |      17 |   0.0 |   393
               +---------+---------+-------+---------+---------+-------+---------
           D:1 |       0 |      14 |   0.0 |       0 |       9 |   0.0 |   194
           D:2 |       0 |      16 |   0.0 |       0 |       6 |   0.0 |   157
           D:3 |       0 |       3 |   0.0 |       0 |       2 |   0.0 |    42
               +---------+---------+-------+---------+---------+-------+---------
